Map: Frost LE

Players

blackxored - Winner!

  • Race: Zerg Zerg
  • League: Diamond

Enempie

  • Race: Terran Terran
  • League: Platinum

VOD

Have the link to the VOD?

Description

Time

  • Played on: July 1, 2016, 11:45 p.m.
  • Length: 16:52
Show
View Real Time Build Order
Export as new Build Order

blackxored Zerg - Winner!

Build Orders: Hatch First 

Get SALT Encoding   

  12  0:01  Drone  
  13  0:08  Drone  
  14  0:16  Extractor, Drone  
  15  0:22  Overlord  
  15  0:41  Drone x2  
  17  0:53  Hatchery  
  17  0:56  Drone  
  17  1:00  Drone  
  18  1:10  Extractor  
  17  1:15  Spawning Pool  
  17  1:17  Drone  
  17  1:20  Drone  
  18  1:27  Drone  
  19  1:39  Overlord  
  19  1:53  Drone  
  20  2:08  Drone  
  21  2:10  Zergling x2  
  21  2:11  Zergling x2  
  21  2:13  Queen  
  21  2:15  Queen  
  25  2:17  Metabolic Boost  
  25  2:18  Zergling x2  
  28  2:40  Overlord, Hatchery  
  27  2:47  Extractor  
  27  2:58  Overlord  
  27  3:05  Drone x5  
  27  3:08  Pneumatized Carapace  
  32  3:14  Drone  
  33  3:20  Queen  
  35  3:28  Drone x2  
  35  3:29  Drone  
  35  3:32  Drone  
  35  3:33  Drone  
  40  3:36  Drone  
  41  3:45  Zergling x6  
  44  3:55  Queen  
  44  3:56  Queen  
  44  4:00  Queen  
  49  4:08  Drone  
  49  4:09  Roach Warren  
  49  4:10  Drone  
  50  4:21  Overlord  
  50  4:33  Zergling x12  
  50  4:34  Zergling x2  
  50  4:35  Overlord x2  
  57  4:56  Zergling x6  
  57  4:59  Drone x2  
  62  5:03  Drone  
  62  5:05  Overlord  
  63  5:15  Drone x6  
  62  5:41  Drone x11  
  72  5:45  Overlord x2  
  72  5:57  Evolution Chamber  
  72  5:58  Baneling Nest  
  72  5:59  Drone x2  
  72  6:00  Drone, Evolution Chamber  
  67  6:07  Spore Crawler, Drone x5  
  67  6:10  Extractor  
  67  6:11  Extractor  
  69  6:14  Baneling Nest  
  69  6:16  Lair  
  69  6:17  Drone x3  
  72  6:24  Extractor  
  71  6:26  Extractor  
  71  6:27  Extractor  
  69  6:33  Drone x8  
  69  6:39  Zerg Melee Weapons Level 1, Zerg Ground Armor Level 1  
  77  6:41  Drone x2  
  79  6:57  Zergling x2  
  79  6:58  Zergling x16  
  79  6:59  Hatchery  
  87  7:06  Drone  
  87  7:07  Drone x2  
  90  7:10  Drone  
  90  7:32  Baneling x2  
  90  7:33  Baneling x2  
  87  7:57  Zergling x2  
  87  7:58  Zergling x34  
  95  8:30  Zergling x2  
  95  8:31  Zergling x16  
  104  8:36  Zerg Ground Armor Level 2, Zerg Melee Weapons Level 2  
  104  8:41  Spire  
  104  8:42  Hatchery  
  104  8:44  Zergling x6  
  105  8:56  Infestation Pit  
  105  8:57  Drone x3  
  105  9:02  Baneling, Overseer  
  107  9:03  Baneling x27  
  107  9:15  Overlord x4  
  107  9:23  Centrifical Hooks  
  100  9:35  Zergling x2  
  100  9:36  Zergling x18  
  108  9:44  Zergling x2, Overseer  
  99  10:01  Zergling x14  
  80  10:27  Zergling x20  
  87  10:33  Hive  
  87  10:36  Extractor  
  87  10:38  Extractor  
  87  10:41  Hatchery  
  84  10:51  Zergling x2  
  84  10:52  Zergling x16  
  84  10:54  Hatchery  
  85  11:05  Overseer x3  
  85  11:18  Baneling x4  
  85  11:23  Zergling x18  
  94  11:37  Zergling x2  
  94  11:38  Zergling x8  
  97  11:42  Overlord  
  98  11:50  Baneling x15  
  89  12:09  Zergling x22  
  88  12:21  Corruptor x2  
  88  12:22  Corruptor x2  
  82  12:34  Baneling x18  
  82  12:35  Zergling x6, Baneling  
  82  12:36  Zergling x6  
  85  12:40  Ultralisk Cavern, Drone x2  
  82  12:49  Zergling x4  
  78  13:00  Zergling x14  
  77  13:08  Zergling x2  
  77  13:10  Hatchery  
  77  13:11  Zerg Melee Weapons Level 3, Zerg Ground Armor Level 3  
  77  13:15  Zergling x6  
  77  13:19  Queen x2  
  80  13:20  Queen  
  80  13:26  Chitinous Plating  
  86  13:28  Drone x2  
  88  13:36  Drone x4  
  90  13:54  Overseer  
  90  14:00  Drone x6  
  90  14:01  Extractor  
  95  14:03  Zergling x2  
  95  14:04  Zergling x8  
  95  14:08  Overlord x2  
  100  14:16  Zergling x6  
  103  14:18  Extractor  
  102  14:28  Ultralisk x2  
  113  14:35  Ultralisk  
  102  14:53  Ultralisk  
  102  14:56  Overlord x3  
  106  15:02  Baneling x2  
  106  15:03  Baneling x4  
  105  15:31  Ultralisk  
  111  15:48  Ultralisk  
  117  15:59  Ultralisk  
  117  16:03  Overseer  
  122  16:22  Hatchery x2  
  122  16:24  Extractor  
  122  16:25  Extractor  
Show
View Real Time Build Order
Export as new Build Order

Enempie Terran 

Build Orders: Reaper Expand, MMM Bio 

Get SALT Encoding   

  12  0:01  SCV  
  13  0:14  SCV  
  14  0:23  Supply Depot  
  14  0:26  SCV  
  15  0:44  SCV  
  15  0:47  Barracks  
  16  0:50  Refinery  
  16  0:56  SCV  
  17  1:08  SCV  
  18  1:20  SCV  
  19  1:36  Orbital Command  
  19  1:37  Reaper  
  20  1:54  Command Center  
  20  2:05  SCV  
  21  2:09  Marine  
  21  2:11  Refinery  
  22  2:15  Factory  
  22  2:21  SCV  
  23  2:31  Barracks Reactor  
  23  3:01  Starport, Barracks  
  23  3:05  Widow Mine, SCV  
  23  3:08  Orbital Command  
  26  3:13  Marine x2  
  26  3:18  SCV  
  29  3:30  SCV  
  30  3:35  Marine x2  
  30  3:36  Factory Tech Lab  
  30  3:40  SCV  
  33  3:42  SCV  
  33  3:44  Medivac  
  36  3:52  SCV  
  36  3:53  Supply Depot  
  36  3:54  SCV  
  37  3:55  Marine  
  37  3:58  Barracks Tech Lab  
  38  4:03  Supply Depot x2  
  38  4:15  Marine, Siege Tank, SCV x2  
  44  4:18  Marine x2  
  46  4:25  Medivac  
  46  4:27  SCV x2  
  46  4:28  Supply Depot  
  50  4:53  SCV x2  
  50  4:56  Marine x2  
  50  4:57  Marine, Siege Tank  
  58  5:05  SCV x2  
  60  5:14  Marine x3  
  60  5:19  SCV x2  
  65  5:21  Refinery  
  62  5:41  SCV x2  
  55  5:43  Marine x3  
  55  5:45  Stimpack  
  58  5:50  Barracks  
  58  5:53  SCV x2  
  58  5:54  Barracks  
  60  6:01  Marine  
  61  6:05  Supply Depot, SCV x2  
  61  6:07  Marine  
  61  6:08  Widow Mine  
  61  6:09  Marauder  
  61  6:10  Command Center, Liberator  
  68  6:16  Supply Depot  
  68  6:17  SCV x2  
  70  6:19  Supply Depot  
  70  6:27  Marine x2  
  70  6:29  Marine  
  74  6:42  Supply Depot  
  74  6:43  Barracks Reactor  
  74  6:45  Marine, Barracks Tech Lab  
  74  6:46  Marine  
  76  6:47  Widow Mine  
  76  6:49  SCV x2  
  80  6:54  Refinery  
  80  6:59  Marine  
  81  7:03  SCV x2  
  81  7:05  Marine x2  
  81  7:06  Marauder  
  81  7:07  Combat Shields  
  87  7:08  Command Center  
  87  7:10  Medivac  
  88  7:18  Marauder  
  90  7:28  Marine x3  
  90  7:29  Marine, Marauder  
  96  7:30  Widow Mine  
  98  7:39  Marauder  
  100  7:47  Marine x4  
  100  7:49  Medivac  
  100  7:51  Marauder  
  105  7:55  Engineering Bay  
  105  7:58  Engineering Bay  
  105  7:59  Supply Depot  
  105  8:00  Supply Depot, Marauder, Armory  
  105  8:02  SCV x2  
  109  8:11  Marine  
  109  8:12  Marine x4  
  113  8:25  Concussive Shells  
  105  8:28  SCV x2  
  105  8:33  Liberator  
  107  8:40  SCV x2  
  109  8:48  Marine x2  
  109  8:49  Marine x2  
  109  8:50  Marauder x2, Widow Mine  
  109  8:52  SCV  
  109  8:53  Barracks, SCV  
  124  8:55  Starport  
  124  8:59  Supply Depot  
  124  9:01  Terran Infantry Weapons Level 1  
  124  9:02  Terran Infantry Armor Level 1, Terran Vehicle And Ship Armor Level 1  
  124  9:04  SCV  
  124  9:06  Marine x3  
  124  9:07  Marine, SCV x2  
  131  9:11  Marauder x2  
  131  9:34  Marine x4  
  131  9:35  Marine x2  
  132  9:52  Supply Depot, Marine x4  
  135  9:53  Marauder x2  
  139  10:14  Marauder  
  139  10:15  Marauder  
  101  10:23  Marine x4  
  97  10:36  Marauder x2  
  97  10:37  Supply Depot  
  97  10:40  Marine  
  97  10:41  Marine x2, Orbital Command  
  97  10:42  SCV x2  
  106  10:49  Marine  
  107  10:50  Medivac, Siege Tank  
  107  10:54  SCV  
  107  10:55  SCV  
  107  10:57  Marine x2  
  114  10:58  Marine x2  
  114  10:59  Marine  
  116  11:06  SCV  
  116  11:07  Marine  
  116  11:10  Terran Vehicle And Ship Armor Level 2, Terran Infantry Armor Level 2, Terran Infantry Weapons Level 2  
  118  11:15  Marauder x2  
  118  11:16  Marine, SCV x2  
  125  11:19  SCV  
  126  11:29  SCV  
  126  11:30  SCV  
  126  11:31  SCV  
  129  11:36  Marauder  
  131  11:44  Marine x5  
  136  11:51  Barracks  
  136  11:53  Barracks  
  132  11:55  Starport  
  132  11:57  Marine  
  121  12:01  Marine  
  121  12:02  Marine x3  
  121  12:03  Marauder  
  127  12:15  Orbital Command  
  99  12:16  Marauder  
  99  12:19  Marine  
  80  12:24  Marauder  
  74  12:37  Starport  
  74  12:42  SCV x3  
  77  12:50  Marine x4  
  77  12:51  Marine, Marauder  
  82  12:54  SCV x3  
  68  13:08  Marine x4  
  68  13:09  Marauder  
  74  13:14  SCV x2  
  76  13:20  Marine  
  76  13:26  Marine  
  78  13:50  Marine x3  
  78  13:51  Marine x2, Marauder, Widow Mine  
  78  13:52  Medivac  
  89  13:58  Supply Depot  
  89  14:08  Marine x4  
  89  14:09  Marauder  
  95  14:13  Marauder  
  97  14:26  Marine x2  
  99  14:37  Marine x3  
  99  14:38  Marine  
  93  14:43  Marine  
  93  14:45  SCV x2  
  88  14:55  Marine x4  
  88  14:56  Marauder  
  88  14:57  SCV x2  
  96  15:06  Orbital Command  
  96  15:09  SCV  
  91  15:25  Marine x2  
  77  15:47  Marine x3  
  80  16:02  Medivac  
  77  16:29  Marine x5  
Tags
 
Add a new tag
Caveats
  • Supply blocks, unpowered buildings, or Contaminate may cause inaccurate times.
  • Supply counts are checked every 10 seconds.